 Dungeon Crawl Stone Soup version 0.30-a0-374-g95c0257040 (webtiles) character file.

Game seed: 6020375266801878205

154868 Uniporpoise the Bludgeoner (level 17, -41/135 HPs)
             Began as a Demonspawn Fighter on Nov 25, 2022.
             Was the Champion of Qazlal.
             Killed from afar by a salamander tyrant (62 damage)
             ... with a flame surge
             ... on level 3 of the Snake Pit.
             The game lasted 01:11:32 (30180 turns).

Uniporpoise the Bludgeoner (Demonspawn Fighter)    Turns: 30180, Time: 01:11:32

Health: -41/135    AC: 33    Str: 30    XL:     17   Next: 7%
Magic:  37/37      EV: 12    Int: 12    God:    Qazlal [******]
Gold:   971        SH: 21    Dex: 21    Spells: 16/16 levels left

rFire   . . .      SeeInvis .    Y - +5 demon whip (freeze)
rCold   . . .      Faith    .    l - +0 kite shield
rNeg    . . .      Spirit   .    g - +1 crystal plate armour of Negation {rElec rF- Dex+9}
rPois   +          Reflect  .    a - +2 hat "Acziascheede" {rPois rC- rCorr Slay+2}
rElec   +          Harm     .    V - +2 cloak
rCorr   +          Rampage  +    (gloves unavailable)
Will    ++...                    K - +2 pair of boots {rampage}
Stlth   ..........               y - amulet of regeneration
HPRegen 1.22/turn                X - ring "Ennu" {Will+ MP+9 Str+7}
MPRegen 0.25/turn                e - ring of protection from cold

@: agile, weakened, protected from fire, hasted, repel missiles, very quick
A: icy blue scales 1, ignite blood 3, powered by pain 2, demonic touch 3
a: Renounce Religion, Upheaval, Elemental Force, Disaster Area


You were on level 3 of the Snake Pit.
You worshipped Qazlal.
Qazlal was exalted by your worship.
You visited 5 branches of the dungeon, and saw 26 of its levels.
You also visited: Ice Cave.

You collected 3336 gold pieces.
You spent 2365 gold pieces at shops.

Inventory:

Hand Weapons
 Y - a +5 demon whip of freezing (weapon)
Missiles
 n - 8 javelins (quivered)
 E - a throwing net
Armour
 a - the +2 hat "Acziascheede" (worn) {rPois rC- rCorr Slay+2}
   (You acquired it on level 10 of the Dungeon)

   Slay:      It affects your accuracy & damage with ranged weapons and melee
   (+2).
   rC:        It makes you vulnerable to cold.
   rPois:     It protects you from poison.
   rCorr:     It protects you from acid and corrosion.
 d - the +6 plate armour of a bailey {Str+4}
   (You bought it in a shop on level 2 of the Orcish Mines)

   Str:       It affects your strength (+4).
 g - the +1 crystal plate armour of Negation (worn) {rElec rF- Dex+9}
   (You found it on level 12 of the Dungeon)

   Dex:       It affects your dexterity (+9).
   rF:        It makes you vulnerable to fire.
   rElec:     It insulates you from electricity.
 i - a +0 tower shield of protection
 l - a +0 kite shield (worn)
 u - a +0 pair of gloves
 K - a +2 pair of boots of rampaging (worn)
 S - a +4 plate armour of cold resistance
 T - a +1 helmet of intelligence
 V - a +2 cloak (worn)
Jewellery
 e - a ring of protection from cold (right hand)
 j - a ring of poison resistance
 o - an amulet of faith
 p - a ring of fire
 y - an amulet of regeneration (around neck)
 D - a +4 ring of evasion
 U - the ring "Biteur Hoco" {rC+ rCorr Dex+3 Slay-2}
   (You found it in an ice cave)

   [ring of protection from cold]

   Dex:       It affects your dexterity (+3).
   Slay:      It affects your accuracy & damage with ranged weapons and melee
   (-2).
   rC:        It protects you from cold.
   rCorr:     It protects you from acid and corrosion.
 W - a ring of magical power
 X - the ring "Ennu" (left hand) {Will+ MP+9 Str+7}
   (You found it in an ice cave)

   [ring of magical power]

   Str:       It affects your strength (+7).
   MP:        It affects your magic capacity (+9).
   Will:      It increases your willpower.
Wands
 c - a wand of paralysis (16)
 B - a wand of polymorph (10)
 M - a wand of roots (8)
 O - a wand of flame (26)
 Q - a wand of digging (8)
Scrolls
 k - 4 scrolls of enchant armour
 s - 8 scrolls of teleportation
 x - 4 scrolls of immolation
 A - 4 scrolls of vulnerability
 F - 3 scrolls of identify
 G - a scroll of poison
 H - 3 scrolls of magic mapping
 J - a scroll of blinking
 L - a scroll of torment
 P - a scroll of butterflies {unknown}
 R - 3 scrolls of brand weapon
Potions
 b - 8 potions of curing
 f - 6 potions of mutation
 h - 6 potions of haste
 m - 4 potions of magic
 q - 5 potions of lignification
 r - 3 potions of brilliance
 t - a potion of might
 v - 5 potions of ambrosia
 z - a potion of cancellation
 C - 6 potions of flight
 I - 5 potions of berserk rage
Miscellaneous
 w - a condenser vane
 N - a box of beasts


   Skills:
 + Level 12.9 Fighting
 * Level 16.2 Maces & Flails
 + Level 12.0 Armour
 - Level 4.0 Dodging
 + Level 11.9 Shields
 - Level 0.1 Spellcasting
 + Level 15.2 Invocations
 + Level 9.4 Evocations


You had 16 spell levels left.
You didn't know any spells.
Your spell library contained the following spells:

 Spells                   Type           Power      Damage    Failure   Level
 Apportation              Tloc           0%         N/A       100%        1
 Freeze                   Ice            0%         1d3       100%        1
 Slow                     Hex            0%         N/A       100%        1
 Blink                    Tloc           0%         N/A       100%        2
 Cigotuvi's Dreadful Rot  Necr/Pois/Air  0%         N/A       100%        2
 Ensorcelled Hibernation  Hex/Ice        0%         N/A       100%        2
 Momentum Strike          Conj/Tloc      0%         3d8       100%        2
 Passwall                 Tmut/Erth      0%         N/A       100%        2
 Poisonous Vapours        Pois/Air       0%         N/A       100%        2
 Scorch                   Fire           0%         2d5       100%        2
 Sublimation of Blood     Necr           0%         N/A       100%        2
 Wereblood                Tmut           0%         N/A       100%        2
 Confusing Touch          Hex            0%         N/A       100%        3
 Frozen Ramparts          Ice            0%         1d1       100%        3
 Hailstorm                Conj/Ice       0%         3d3       100%        3
 Ignite Poison            Fire/Tmut/Pois 0%         N/A       100%        3
 Kindle Blastsparks       Fire/Tloc/Air  0%         2d10      100%        3
 Lesser Beckoning         Tloc           0%         N/A       100%        3
 Ozocubu's Armour         Ice            0%         N/A       100%        3
 Spider Form              Tmut/Pois      0%         N/A       100%        3
 Summon Guardian Golem    Hex/Summ       0%         N/A       100%        3
 Swiftness                Air            0%         N/A       100%        3
 Tukima's Dance           Hex            0%         N/A       100%        3
 Vampiric Draining        Necr           0%         2d6       100%        3
 Animate Armour           Summ/Erth      0%         N/A       100%        4
 Dispel Undead            Necr           0%         3d6       100%        4
 Flame Wave               Conj/Fire      0%         2d4       100%        4
 Passage of Golubria      Tloc           0%         N/A       100%        4
 Petrify                  Tmut/Erth      0%         N/A       100%        4
 Alistair's Intoxication  Tmut/Pois      0%         N/A       100%        5
 Blade Hands              Tmut           0%         N/A       100%        5
 Irradiate                Conj/Tmut      0%         3d11      100%        5
 Metabolic Englaciation   Hex/Ice        0%         N/A       100%        5
 Summon Forest            Summ/Tloc      0%         N/A       100%        5
 Summon Mana Viper        Hex/Summ       0%         N/A       100%        5
 Yara's Violent Unravell  Hex/Tmut       0%         3d3       100%        5
 Death Channel            Necr           0%         N/A       100%        6
 Eringya's Noxious Bog    Tmut/Pois      0%         N/A       100%        6
 Iron Shot                Conj/Erth      0%         9d1       100%        6
 Simulacrum               Ice/Necr       0%         N/A       100%        6
 Statue Form              Tmut/Erth      0%         N/A       100%        6
 Summon Cactus Giant      Summ           0%         N/A       100%        6
 Orb of Destruction       Conj           0%         9d5       100%        7
 Spellforged Servitor     Conj/Summ      0%         N/A       100%        7
 Summon Hydra             Summ           0%         N/A       100%        7


Dungeon Overview and Level Annotations

Branches:
Dungeon (15/15)            Temple (1/1) D:5            Lair (5/5) D:9
 Shoals (0/4) Lair:3        Snake (3/4) Lair:3        Slime (0/5) Lair:4
    Orc (2/2) D:10            Elf (0/3) Orc:2        Vaults (0/5) D:13
 Depths (0/4) D:15          IceCv (visited)

Altars:
Ashenzari
Cheibriados
Dithmenos
Fedhas
Gozag
Hepliaklqana
Kikubaaqudgha
Makhleb
Nemelex Xobeh
Okawaru
Qazlal
Ru
Sif Muna
Trog
Uskayaw
Vehumet
Wu Jian
Xom
Yredelemnul
Jiyva
Lugonu

Shops:
D:11 (   D:13 =   Orc:1 =   Orc:2 :=?!:*((   Snake:2 (

Portals:
Abyss: Lair:5

Annotations:
D:13 3 runed translucent doors, sirJeffrey23's ghost, journeyman HOFi
Orc:1 2 transporters


Innate Abilities, Weirdness & Mutations

You are partially covered in icy blue scales. (AC +2)
Your demonic aura causes all spilled blood to erupt in flames.
You sometimes gain power by taking damage.
Your touch may irresistibly damage your foes and sap their willpower.


Message History

The anaconda constricts you.
You escape the anaconda's grasp.
The salamander tyrant hits you but does no damage.
The salamander closely misses you.
Unknown command.
The salamander attacks as you move away!
The salamander hits you but does no damage.
The salamander tyrant attacks as you move away!
The salamander tyrant hits you.
* * * LOW HITPOINT WARNING * * *
You are engulfed in flames!!
* * * LOW HITPOINT WARNING * * *
You focus on the pain.
You feel more agile all of a sudden. The anaconda grabs you.
The anaconda barely misses you. The anaconda constricts you.
* * * LOW HITPOINT WARNING * * *
You feel better.
You feel less invigorated.
You block the salamander tyrant's attack.
You block the anaconda's attack. The anaconda constricts you.
The nagaraja spits poison at you. You block the splash of poison.
The salamander tyrant hits you but does no damage.
The anaconda bites you but does no damage.
The anaconda constricts you.
Unknown command.
Unknown command.
Blink to where?
Press: ? - help, Dir - move target You escape the anaconda's grasp.
As you read the scroll of blinking, it crumbles to dust.
You feel yourself speed up.
The salamander tyrant rends the earth beneath you!
The blast of magma engulfs you!
* * * LOW HITPOINT WARNING * * *
The salamander tyrant gazes fiercely through you!
You feel as though you will be weak longer.
The salamander tyrant calls gouts of flame from the lava!
The flame surge hits you!!!
You die...

#...#######.°#
####)..##.....N)##
††..).....####)NN#######..
..).)....## ##S.....(....
...>....## ##.○§..###.
..<.....# #.≈####
....##..## #.≈#
#...##...## #☼.#
#...####..## ##@.# ##..#
##..####...# #...#
##...##...# ##..#
##..)....## #..
##...)...### ##........##
#>..####..## ##..## ###.#
#>..# #.#


You could see a salamander tyrant (fast), a salamander and an anaconda (slow).

Vanquished Creatures
  Jorgrun (Orc:2)
  Kirke (Lair:5)
  A nagaraja (Snake:2)
  A draconian knight (IceCv)
  An orc warlord (Orc:2)
  5 white draconians (IceCv)
  An ettin (Orc:2)
  Josephine (D:12)
  2 fire dragons
  An entropy weaver (shapeshifter) (Lair:5)
  A hydra (D:14)
  An ice dragon (D:15)
  A catoblepas (D:14)
  An ogre mage (D:15)
  11 anacondas
  A death knight (D:14)
  8 centaur warriors
  6 two-headed ogres
  3 boulder beetles
  A tengu warrior (D:14)
  7 naga warriors
  3 thrashing horrors (Lair:5)
  An orc high priest (Orc:2)
  4 shock serpents (Snake:2)
  Sonja (D:12)
  A deep elf knight (D:15)
  6 naga sharpshooters
  5 skeletal warriors
  A salamander mystic (Snake:1)
  A deep troll (shapeshifter) (Lair:5)
  A lindwurm (Lair:4)
  6 naga ritualists
  An orange crystal statue (IceCv)
  6 orc knights (Orc:2)
  A necromancer (D:13)
  Pikel (D:5)
  3 deep elf pyromancers
  16 cyclopes
  10 ugly things
  3 orc sorcerers
  5 salamanders
  11 mana vipers
  5 manticores
  8 naga magi
  33 black mambas
  9 elephants
  2 guardian serpents (shapeshifter)
  An eye of devastation (shapeshifter) (D:12)
  9 cane toads
  3 storm dragon simulacra (IceCv)
  5 gargoyles
  An unseen horror (D:13)
  2 rime drakes
  Psyche (D:11)
  2 kobold demonologists
  2 efreet
  7 golden dragon simulacra (IceCv)
  4 komodo dragons
  2 freezing wraiths (D:14)
  A burning bush (Lair:2)
  A tengu conjurer (D:14)
  An ancient zyme (Lair:5)
  A queen bee (shapeshifter) (D:15)
  An anaconda simulacrum (D:15)
  A meliai (D:12)
  16 trolls
  6 polar bears
  Prince Ribbit (D:8)
  8 slime creatures
  A wind drake (shapeshifter) (D:11)
  2 saltlings (Orc:2)
  31 blink frogs
  17 dream sheep
  A vampire (D:9)
  Eustachio (D:4)
  A spriggan (Lair:5)
  A wyvern (Lair:2)
  A hog (Lair:4)
  A culicivora (shapeshifter) (D:15)
  9 basilisks
  A human (Lair:5)
  2 large abominations (Lair:5)
  10 small abominations (Lair:5)
  6 wraiths
  6 vampire mosquitoes
  Grum (D:8)
  41 yaks
  3 steam dragons
  3 chaos spawn (Lair:5)
  3 minotaur simulacra (D:15)
  34 nagas
  6 wargs
  2 harpy simulacra (D:15)
  4 acid dragons
  13 water moccasins
  A floating eye (shapeshifter) (D:13)
  25 orc warriors
  A swamp drake (D:8)
  6 black bears
  An alligator simulacrum (D:15)
  6 ice dragon simulacra (IceCv)
  12 ogres
  23 centaurs
  4 boggarts (D:14)
  18 wolves
  2 phantoms (D:6)
  9 bullfrogs
  A kobold brigand (D:9)
  2 gnoll sergeants
  8 necrophages
  A deep troll simulacrum (D:15)
  3 wights (D:4)
  16 killer bees
  5 lindwurm simulacra (IceCv)
  5 spriggan skeletons (D:13)
  11 electric eels
  3 howler monkeys
  A troll skeleton (D:13)
  6 hounds
  A gnoll bouda (D:7)
  13 orc priests
  7 iguanas
  Terence (D:2)
  5 hell rats (Lair:2)
  22 orc wizards
  14 gnolls
  12 adders
  2 shadow imps
  3 white imps
  2 ufetubi
  3 worms
  2 dart slugs
  87 orcs
  5 ball pythons
  7 endoplasms
  3 giant cockroaches
  7 hobgoblins
  7 kobolds
  2 quokkas
  3 training dummies (Snake:2)
  4 bats
  5 frilled lizards
  9 goblins
  4 rats
  A spectral orc (D:5)
  3 butterflies (Lair:4)
  A pillar of salt (Orc:2)
882 creatures vanquished.

Vanquished Creatures (collateral kills)
  Snorg (Lair:5)
  A naga ritualist (Snake:1)
  A cyclops (Orc:1)
  A naga mage (Snake:1)
  A troll (Orc:2)
  A warg (Orc:2)
  3 orc warriors
  3 orc priests (Orc:1)
  An orc wizard (Orc:1)
  4 orcs
17 creatures vanquished.

Vanquished Creatures (others)
  A wolf spider (D:11)
  A black mamba (Snake:1)
  An orc priest (D:12)
  An orc wizard (D:8)
  2 orcs
  17 fungi
  43 plants
66 creatures vanquished.

Grand Total: 965 creatures vanquished

Notes
Turn   | Place    | Note
-------+----------+-------------------------------------------
     0 | D:1      | Uniporpoise the Demonspawn Fighter began the quest for the
                  | Orb.
     0 | D:1      | Reached XP level 1. HP: 18/18 MP: 1/1
   106 | D:1      | Reached skill level 2 in Maces & Flails
   106 | D:1      | Gained mutation: Your demonic aura sometimes causes spilled
                  | blood to erupt in flames. [demonic ancestry]
   106 | D:1      | Reached XP level 2. HP: 21/24 MP: 2/2
   508 | D:1      | Gained mutation: Your demonic aura often causes spilled
                  | blood to erupt in flames. [demonic ancestry]
   508 | D:1      | Reached XP level 3. HP: 29/29 MP: 3/3
   911 | D:2      | Noticed Terence
   918 | D:2      | Killed Terence
   919 | D:2      | Reached skill level 1 in Dodging
   975 | D:2      | Reached XP level 4. HP: 30/35 MP: 4/4
  1057 | D:2      | Found Ahoif's Assorted Antiques.
  1339 | D:2      | Reached skill level 3 in Maces & Flails
  2141 | D:3      | Reached XP level 5. HP: 42/42 MP: 5/5
  2735 | D:4      | Reached XP level 6. HP: 33/48 MP: 6/6
  3129 | D:4      | Found an iron altar of Okawaru.
  3139 | D:4      | Found a blossoming altar of Fedhas.
  3145 | D:4      | Noticed Eustachio
  3154 | D:4      | Killed Eustachio
  3155 | D:4      | Reached skill level 4 in Maces & Flails
  3336 | D:4      | Gained mutation: You are partially covered in icy blue
                  | scales. (AC +2) [demonic ancestry]
  3336 | D:4      | Reached XP level 7. HP: 55/55 MP: 7/7
  3957 | D:4      | Found a snail-covered altar of Cheibriados.
  4084 | D:5      | Entered Level 5 of the Dungeon
  4141 | D:5      | Found a staircase to the Ecumenical Temple.
  4154 | Temple   | Entered the Ecumenical Temple
  4305 | Temple   | Became a worshipper of Qazlal Stormbringer
  4364 | D:5      | Reached skill level 5 in Maces & Flails
  4551 | D:5      | Found a broken altar of Ashenzari.
  4551 | D:5      | Found a faded altar of an unknown god.
  4559 | D:5      | Found a hide-covered altar of Uskayaw.
  4564 | D:5      | Found a faded altar of an unknown god.
  4566 | D:5      | Found an opulent altar of Gozag.
  4763 | D:5      | Reached skill level 1 in Invocations
  4836 | D:5      | Noticed Pikel
  4855 | D:5      | Killed Pikel
  4856 | D:5      | Reached skill level 5 in Fighting
  4856 | D:5      | Reached skill level 1 in Evocations
  4856 | D:5      | Reached XP level 8. HP: 55/62 MP: 7/9
  5103 | D:5      | Found a basalt altar of Yredelemnul.
  5151 | D:5      | Reached skill level 6 in Maces & Flails
  5327 | D:5      | Identified the +0 spear "Demonspawn's Doom" {holy, rF+ rC+
                  | Stlth+}
  5479 | D:6      | Got Sif Muna's Spellbook of the Spider and Shapeshifting
  5565 | D:6      | Reached skill level 5 in Armour
  5565 | D:6      | Reached skill level 5 in Shields
  5863 | D:7      | Reached XP level 9. HP: 55/68 MP: 11/11
  6016 | D:7      | Found a burning altar of Makhleb.
  6247 | D:7      | Reached * piety under Qazlal
  7014 | D:7      | Reached skill level 7 in Maces & Flails
  8101 | D:8      | Reached skill level 5 in Invocations
  8185 | D:8      | Reached ** piety under Qazlal
  8194 | D:8      | Noticed Grum
  8229 | D:8      | Killed Grum
  8580 | D:8      | Gained mutation: You sometimes gain a little power by
                  | taking damage. [demonic ancestry]
  8580 | D:8      | Reached XP level 10. HP: 58/77 MP: 14/14
  8879 | D:8      | HP: 3/74 [orc priest/divine providence (11)]
  9183 | D:8      | Noticed Maurice
  9221 | D:8      | Noticed Maurice
  9226 | D:8      | Killed Maurice the swamp drake
  9377 | D:8      | Noticed Prince Ribbit
  9388 | D:8      | Killed Prince Ribbit
  9389 | D:8      | Reached skill level 8 in Maces & Flails
  9632 | D:8      | Got the Discourse on Reformation
 10170 | D:9      | Reached skill level 5 in Evocations
 10424 | D:9      | Found a staircase to the Lair.
 10451 | D:9      | Found a shimmering altar of Xom.
 10936 | D:9      | Noticed a green ugly thing
 10945 | D:9      | Killed a green ugly thing
 11151 | D:9      | Gained mutation: Your touch may inflict minor irresistible
                  | damage on your foes. [demonic ancestry]
 11151 | D:9      | Reached XP level 11. HP: 80/84 MP: 16/16
 11343 | D:9      | Reached skill level 9 in Maces & Flails
 11455 | D:9      | Found a sparkling altar of Nemelex Xobeh.
 11730 | D:10     | Entered Level 10 of the Dungeon
 11790 | D:10     | Found a hazy altar of Hepliaklqana.
 11886 | D:10     | Found a staircase to the Orcish Mines.
 12446 | D:10     | Reached *** piety under Qazlal
 13198 | D:11     | Noticed a centaur warrior
 13199 | D:11     | Noticed a centaur warrior
 13200 | D:11     | Noticed a wolf spider
 13216 | D:11     | Killed a centaur warrior
 13228 | D:11     | Killed a centaur warrior
 13228 | D:11     | Noticed a purple ugly thing
 13273 | D:11     | Killed a wolf spider
 13361 | D:10     | Identified a scroll of acquirement
 13361 | D:10     | Acquired the +2 hat "Acziascheede" {rPois rC- rCorr Slay+2}
 13404 | D:11     | Noticed Psyche
 13416 | D:11     | Killed Psyche
 13555 | D:11     | Noticed a red ugly thing
 13566 | D:11     | Killed a red ugly thing
 13750 | Lair:1   | Entered Level 1 of the Lair of Beasts
 13839 | Lair:1   | Reached skill level 10 in Maces & Flails
 14102 | Lair:1   | Reached XP level 12. HP: 93/93 MP: 18/18
 16089 | Lair:3   | Reached skill level 11 in Maces & Flails
 16104 | Lair:3   | Reached **** piety under Qazlal
 16196 | Lair:3   | Found a staircase to the Snake Pit.
 16363 | Lair:3   | Found a staircase to the Shoals.
 16559 | Lair:3   | Reached skill level 10 in Invocations
 17322 | Lair:4   | Reached ***** piety under Qazlal
 17323 | Lair:4   | Gained mutation: You sometimes gain power by taking damage.
                  | [demonic ancestry]
 17323 | Lair:4   | Reached XP level 13. HP: 72/101 MP: 20/20
 18368 | Lair:4   | Found a viscous altar of Jiyva.
 18368 | Lair:4   | Found a staircase to the Slime Pits.
 18741 | Lair:5   | Entered Level 5 of the Lair of Beasts
 18763 | Lair:5   | Reached skill level 12 in Maces & Flails
 18948 | Lair:5   | Noticed Kirke
 18952 | Lair:5   | Noticed a sphinx
 18953 | Lair:5   | Paralysed by a sphinx for 4 turns
 19102 | Lair:5   | Killed Kirke
 19166 | Lair:5   | Noticed Snorg
 19181 | Lair:5   | Killed Snorg
 19182 | Lair:5   | Reached skill level 10 in Fighting
 19742 | Lair:5   | Gained mutation: Your demonic aura causes all spilled blood
                  | to erupt in flames. [demonic ancestry]
 19742 | Lair:5   | Reached XP level 14. HP: 108/111 MP: 12/22
 19848 | Lair:5   | Reached skill level 13 in Maces & Flails
 19888 | Lair:5   | Found a corrupted altar of Lugonu.
 19888 | Lair:5   | Found a one-way gate to the infinite horrors of the Abyss.
 20420 | Orc:1    | Entered Level 1 of the Orcish Mines
 20660 | Orc:1    | Found a transporter.
 20746 | Orc:2    | Entered Level 2 of the Orcish Mines
 20754 | Orc:2    | Noticed an orc warlord
 20805 | Orc:2    | Noticed Jorgrun
 20874 | Orc:2    | Found Toasim's Weapon Shop.
 20925 | Orc:2    | Found Moomasi's Book Boutique.
 20950 | Orc:2    | Killed Jorgrun
 21032 | Orc:2    | Killed an orc warlord
 21135 | Orc:2    | Reached skill level 10 in Armour
 21210 | Orc:2    | Reached skill level 10 in Shields
 21306 | Orc:2    | Found Haisuty's Book Boutique.
 21372 | Orc:2    | Found Faareig's Jewellery Boutique.
 21380 | Orc:2    | Bought a ring of protection from cold for 325 gold pieces
 21442 | Orc:2    | Found a staircase to the Elven Halls.
 21848 | Orc:2    | Found Leshraz's Magic Scroll Emporium.
 21854 | Orc:2    | Bought a scroll of identify for 30 gold pieces
 21854 | Orc:2    | Bought a scroll of identify for 30 gold pieces
 21854 | Orc:2    | Bought a scroll of identify for 30 gold pieces
 21858 | Orc:2    | Bought a scroll of blinking for 112 gold pieces
 21870 | Orc:2    | Found Ehof's Assorted Antiques.
 21872 | Orc:2    | Found Faex Dig's Distillery.
 21878 | Orc:2    | Bought a potion of curing for 39 gold pieces
 21878 | Orc:2    | Bought a potion of curing for 39 gold pieces
 21878 | Orc:2    | Bought a potion of attraction for 39 gold pieces
 21878 | Orc:2    | Bought a potion of ambrosia for 104 gold pieces
 21878 | Orc:2    | Bought a potion of brilliance for 52 gold pieces
 21898 | Orc:2    | Found Boatatz's Antique Weapon Boutique.
 21999 | Orc:2    | Bought a tiger eye-encrusted plate armour for 1120 gold
                  | pieces
 21999 | Orc:2    | Identified the +6 plate armour of a bailey {Str+4} (You
                  | bought it in a shop on level 2 of the Orcish Mines)
 22012 | Orc:2    | Bought a potion of curing for 120 gold pieces
 22299 | D:11     | Found Gixavyol's Antique Weapon Shoppe.
 22379 | D:11     | Got the Dissertation on Creative Displacement
 22492 | D:11     | Found a shimmering altar of Xom.
 22520 | D:11     | Reached skill level 14 in Maces & Flails
 22570 | D:11     | Found an opulent altar of Gozag.
 22758 | D:12     | Noticed Josephine
 22777 | D:12     | Killed Josephine
 22870 | D:12     | Identified the +1 crystal plate armour of Negation {rElec
                  | rF- Dex+9}
 22872 | D:12     | Gained mutation: Your touch may inflict irresistible damage
                  | on your foes. [demonic ancestry]
 22872 | D:12     | Reached XP level 15. HP: 94/119 MP: 15/24
 23453 | D:12     | You fall into a shaft and drop 1 floor!
 23628 | D:13     | Paralysed by a floating eye for 4 turns
 23795 | D:13     | Found a gate to the Vaults.
 24003 | D:13     | Found Tezoluob's One-of-a-Kind Rings.
 24178 | D:13     | Found a runed translucent gate.
 24178 | D:13     | Found a runed translucent gate.
 24178 | D:13     | Found a runed translucent gate.
 24179 | D:13     | Noticed sirJeffrey23's ghost (journeyman HOFi)
 24467 | D:12     | Noticed Sonja
 24482 | D:12     | Killed Sonja
 25014 | D:14     | Found a shimmering blue altar of Sif Muna.
 25597 | D:15     | Entered Level 15 of the Dungeon
 25629 | D:15     | Identified the +7 lajatang "Etwecek" {vorpal, +Blink rF+
                  | Str+3 Int-2}
 25641 | D:15     | Found a frozen archway.
 25703 | IceCv    | Entered an ice cave
 26008 | IceCv    | Noticed a white draconian knight
 26032 | IceCv    | Killed a white draconian knight
 26033 | IceCv    | Reached skill level 15 in Maces & Flails
 26160 | IceCv    | Identified the ring "Biteur Hoco" {rC+ rCorr Dex+3 Slay-2}
 26168 | IceCv    | Identified the ring "Ennu" {Will+ MP+9 Str+7}
 26429 | IceCv    | Identified the +4 ring mail of Parsimonious Curiosity {Harm
                  | Stlth+}
 26599 | D:15     | Found a staircase to the Depths.
 26640 | D:15     | Reached XP level 16. HP: 117/127 MP: 26/26
 27066 | D:15     | Identified the +4 ring mail "Vyste" {rElec rF+ Str+3}
 27610 | Snake:1  | Entered Level 1 of the Snake Pit
 27963 | Orc:2    | Bought a ring of fire for 325 gold pieces
 28015 | Orc:1    | Found Foas Lenn's Jewellery Shoppe.
 28083 | Orc:1    | Found a transporter.
 29040 | Snake:2  | Identified the +6 sling of Doom {drain, rElec}
 29275 | Snake:2  | Reached skill level 16 in Maces & Flails
 29275 | Snake:2  | Found Qedope's Firing Range.
 29416 | Snake:2  | Reached skill level 15 in Invocations
 29421 | Snake:2  | Reached ****** piety under Qazlal
 30047 | Snake:3  | Gained mutation: Your touch may irresistibly damage your
                  | foes and sap their willpower. [demonic ancestry]
 30047 | Snake:3  | Reached XP level 17. HP: 121/135 MP: 28/28
 30180 | Snake:3  | Killed from afar by a salamander tyrant

Illustrated notes

Levels and vault maps discovered:
D:1:      onia_arrival_pentagram, layout_loops_ring, st_stairs_11
D:2:      layout_basic, serial_shops, shop, minmay_statues_item, uniq_terence
D:3:      layout_loops_ring, cheibrodos_gnoll_hut
D:4:      layout_loops_ring, kennysheep_little_box,
          gammafunk_temple_overflow_forgotten, uniq_eustachio
D:5:      layout_loops_ring, chequers_temple_overflow_minitemple,
          yredelemnul_forgotten_temple_becter, minmay_temple_entry_hall,
          uniq_pikel
D:6:      layout_basic
D:7:      layout_loops_corners, bloody_makhleb, kennysheep_generic_room_5
D:8:      minmay_distorted_concentric_squares, layout_basic, enter_bailey_2,
          minmay_misc_feat_doors, chequers_big_river, minmay_crystal_room,
          uniq_grum, uniq_prince_ribbit1, uniq_maurice
D:9:      layout_gridville, mainiacjoe_overflow_tiny_flanked,
          mainiacjoe_overflow_two_lobes, erik_lair_island,
          hangedman_minor_gate_pass
D:10:     layout_roguey [special_room_orc], amcnicky_altar_gilded, orc_0_dummy,
          minmay_misc_feat_pillars
D:11:     minmay_the_grid_square_5x5_3x3
          [minmay_the_grid_square_5x5_fancy_junction,
          minmay_the_grid_square_5x5_minivault,
          minmay_the_grid_square_5x5_broken_cross,
          minmay_the_grid_square_5x5_bite,
          minmay_the_grid_square_5x5_megaprize_checkered,
          minmay_the_grid_square_5x5_eight_small,
          minmay_the_grid_square_5x5_two_walls_b,
          minmay_the_grid_square_5x5_inner_i,
          minmay_the_grid_square_5x5_longway], layout_rooms, serial_shops, shop,
          hangedman_feature_mirror, corexii_leaking_fountain, uniq_psyche
D:12:     minmay_triangles_in_corner, layout_basic, uniq_josephine, uniq_sonja
D:13:     layout_irregular_city, david_vaults_4, gammafunk_ghost_nasty_kobolds,
          nicolae_shop_unique_rings, hangedman_tell_no_tales
D:14:     layout_long_grid, nicolae_sif_muna_condensation
D:15:     grunt_enter_depths_hoard, layout_layer_cave,
          portal_ice_cave_entry_ice_simulacra, minivault_11
Temple:   nicolae_temple_bog_church
Lair:1:   statuecave_lemuel, layout_chaotic_city, grunt_megastairs_5,
          serial_bayou_shore_b
Lair:2:   layout_regular_city, wad_woods_river_02, evilmike_ambush
          [evilmike_ambush_outer_basic, evilmike_ambush_inner_basic],
          serial_bayou_shore_b
Lair:3:   beast_lair_carwin_large_1, layout_cave_pods,
          minmay_shoals_entry_centaurs, guppyfry_snake_entry_island,
          roderic_carrion_pond, grunt_megastairs_4
Lair:4:   layout_cave_pods, slime_entry_1, lemuel_fruit_fields,
          serial_bayou_shore_a
Lair:5:   hellmonk_lair_end_abyssal_woods, layout_regular_city, uniq_snorg,
          uniq_kirke
Snake:1:  layout_rooms
Snake:2:  cheibrodos_forgotten_conduit, layout_gridlike,
          nicolae_shop_firing_range
Snake:3:  layout_layer_cave, grunt_ministairs_8,
          nicolae_snake_serpentine_hallways, nicolae_wooded_promenade
Orc:1:    gammafunk_beogh_shrine, layout_diamond_mine, serial_shops,
          nicolae_shop_hallway_plus
Orc:2:    hellmonk_orc_salted, layout_diamond_mine, serial_shops,
          nicolae_shop_hallway_plus, shop, nicolae_lakefront_shop,
          nicolae_shop_stone, nicolae_orc_flooded_monolith, uniq_jorgrun

Skill      XL: |  1  2  3  4  5  6  7  8  9 10 11 12 13 14 15 16 17 |
---------------+----------------------------------------------------+-----
Maces & Flails | 2 3 4 5 6 7 8 10 11 12 14 15 16 | 16.2
Armour         | 3 4 5 6 7 8 9 10 11 12 | 12.0
Dodging        | 1 3 4 |  4.0
Shields        | 3 4 5 6 7 8 9 10 11 | 11.9
Fighting       | 4 5 6 7 8 9 10 11 12 | 12.9
Invocations    | 2 3 5 7 8 10 11 13 14 15 | 15.2
Evocations     | 1 2 4 5 6 7 8 9 |  9.4
Spellcasting   | |  0.1

Action                   |  1- 3 |  4- 6 |  7- 9 | 10-12 | 13-15 | 16-18 || total
-------------------------+-------+-------+-------+-------+-------+-------++-------
Melee: Flail             |    59 |       |   310 |   638 |  1378 |       ||  2385
       Dagger            |    42 |   179 |    14 |       |       |       ||   235
       Punch             |       |     1 |       |       |       |       ||     1
       Whip              |       |       |       |    95 |       |       ||    95
       Morningstar       |       |       |       |    53 |       |       ||    53
       Unarmed           |       |       |       |       |     5 |       ||     5
       Demon whip        |       |       |       |       |    37 |   412 ||   449
Throw: Javelin           |       |       |       |     6 |       |     1 ||     7
Invok: Upheaval          |       |       |       |    10 |    21 |     4 ||    35
       Elemental Force   |       |       |       |       |     4 |     1 ||     5
       Disaster Area     |       |       |       |       |     1 |       ||     1
Evoke: Wand              |       |       |    18 |    10 |     8 |     2 ||    38
  Use: Potion            |       |     1 |     8 |     6 |     7 |     4 ||    26
       Scroll            |       |       |     2 |    13 |    14 |     3 ||    32
Armor: Scale mail        |    64 |    15 |       |       |       |       ||    79
       Chain mail        |       |    97 |   275 |   216 |   221 |       ||   809
       Plate armour      |       |       |       |   306 |   413 |    36 ||   755
       Crystal plate arm |       |       |       |       |       |    86 ||    86
Dodge: Dodged            |    58 |    54 |   129 |   466 |   690 |    51 ||  1448
       Repelled          |       |       |       |     2 |    11 |     5 ||    18
Block: Buckler           |       |       |   106 |   490 |   503 |       ||  1099
       Other             |       |       |       |       |     1 |       ||     1
       Kite shield       |       |       |       |       |   453 |   314 ||   767

Table legend: (Time is in decaauts)
 A = Elapsed time spent in this place.
 B = Non-inter-level travel time spent in this place.
 C = Inter-level travel time spent in this place.
 D = Time resting spent in this place.
 E = Time spent auto-exploring this place.
 F = Levels seen in this place.
 G = Mean time per level.
                   A        B        C        D        E       F      G
               +--------+--------+--------+--------+--------+-----+--------+
         Total |  29771 |  27098 |   2673 |   2529 |  17926 |  27 | 1102.6 |
       Dungeon |  18324 |  16780 |   1544 |   1938 |  10892 |  15 | 1221.6 |
        Temple |    191 |    158 |     33 |      0 |    126 |   1 |  191.0 |
          Lair |   6825 |   6204 |    621 |    445 |   4474 |   5 | 1365.0 |
     Snake Pit |   1662 |   1512 |    150 |      0 |   1014 |   3 |  554.0 |
  Orcish Mines |   1987 |   1664 |    323 |     99 |   1039 |   2 |  993.5 |
      Ice Cave |    780 |    780 |      0 |     47 |    380 |   1 |  780.0 |
               +--------+--------+--------+--------+--------+-----+--------+

Top non-repeatable levels by time:
     D:8: 2167 daAuts
     D:9: 2040 daAuts
     D:7: 1724 daAuts
  Lair:3: 1637 daAuts
    D:10: 1471 daAuts
     D:4: 1400 daAuts
  Lair:1: 1390 daAuts
  Lair:5: 1383 daAuts
  Lair:4: 1304 daAuts
   Orc:2: 1254 daAuts
     D:5: 1185 daAuts
    D:11: 1122 daAuts
  Lair:2: 1109 daAuts
    D:13: 1027 daAuts
    D:15: 966 daAuts
